 Dungeon Crawl Stone Soup version 0.18-a0-1677-g2bdad6c (webtiles) character file.

1861 4thArraOfDagon the Cleaver (level 9, -4/80 HPs)
             Began as a Hill Orc Berserker on Apr 2, 2016.
             Was a Believer of Trog.
             Slain by Pikel
             ... wielding a +2 whip of electrocution
              (18 damage)
             ... on level 8 of the Dungeon.
             The game lasted 00:09:47 (2083 turns).

4thArraOfDagon the Cleaver (Hill Orc Berserker)     Turns: 2083, Time: 00:09:48

Health: -4/80      AC: 14    Str: 23    XL:     9   Next: 13%
Magic:  9/9        EV:  7    Int:  7    God:    Trog [**....]
Gold:   149        SH:  0    Dex: 10    Spells: 0 memorised, 8 levels left

rFire  . . .     SeeInvis .     A - +0 broad axe
rCold  + . .     Gourm    .     h - +0 plate armour
rNeg   . . .     Faith    .     (no shield)
rPois  .         Spirit   .     (no helmet)
rElec  .         Dismiss  .     (no cloak)
rCorr  .         Reflect  .     s - +0 pair of gloves
SustAt .         Harm     .     (no boots)
MR     ++...                    (no amulet)
Stlth  ..........               g - ring of ice
                                r - ring of protection from fire

@: exhausted, regenerating, slowed, very slow, very resistant to hostile
enchantments, extremely unstealthy
A: no striking features
a: Berserk, Trog's Hand, Burn Spellbooks, Renounce Religion


You were on level 8 of the Dungeon.
You worshipped Trog.
Trog was pleased with you.
You were very hungry.

You visited 1 branch of the dungeon, and saw 8 of its levels.

You collected 149 gold pieces.

Inventory:

Hand Weapons
 A - a +0 broad axe (weapon)
Missiles
 u - 4 poisoned javelins (quivered)
Armour
 h - a +0 plate armour (worn)
 s - a +0 pair of gloves (worn)
Jewellery
 g - a ring of ice (right hand)
 r - a ring of protection from fire (left hand)
Wands
 q - a wand of flame (34/48)
 y - a wand of confusion (17/48)
 B - a wand of acid (0/15)
Scrolls
 a - a scroll of recharging {unknown}
 b - a scroll of fog {unknown}
 d - 3 scrolls of blinking {unknown}
 f - a scroll of random uselessness {unknown}
 j - a scroll of fear {unknown}
 m - 2 scrolls of teleportation {unknown}
 n - a scroll of noise {unknown}
 p - a scroll of magic mapping {unknown}
Potions
 e - a potion of degeneration
 k - a potion of haste
 l - 2 potions of magic
 t - 2 potions of cancellation
 w - a potion of curing
 x - a potion of brilliance {unknown}
Books
 v - a book of Summonings

   Spells                             Type                      Level
   a - Recall                         Summoning/Translocation      3
   b - Aura of Abjuration             Summoning                    5
   c - Summon Demon                   Summoning                    5
   d - Summon Forest                  Summoning/Translocation      5
   e - Summon Mana Viper              Hexes/Summoning              5
   f - Shadow Creatures               Summoning                    6
   Trog disapproves of the use of such an item.
Comestibles
 c - 5 bread rations
 i - a beef jerky
 o - 3 meat rations
 z - 4 chunks of flesh


   Skills:
 + Level 7.7 Fighting
 * Level 11.3 Axes
 + Level 6.5 Armour
 - Level 1.5 Dodging


You had 8 spell levels left.
You didn't know any spells.

Dungeon Overview and Level Annotations

Branches:
Dungeon (8/15)             Temple (0/1) D:7
   Lair: D:8-11

Altars:
The Shining One

Annotations:
D:5 Prince Ribbit
D:6 Grinder
D:8 Pikel


Message History

Pikel hits you but does no damage.
Unknown command.
You hit Pikel.
Pikel is almost dead.
You feel the effects of Trog's Hand fading.
Pikel hits you but does no damage. x2; You are electrocuted!
* * * LOW HITPOINT WARNING * * *
Unknown command.
Unknown command.
You hit Pikel but do no damage.
Pikel is almost dead.
Pikel is no longer covered in acid.
Pikel hits you with a whip of electrocution.
* * * LOW HITPOINT WARNING * * *
Unknown command.
Unknown command.
You hit Pikel but do no damage.
Pikel is almost dead.
Pikel hits you but does no damage.
You are electrocuted!
You die...

..........†.............#
.........................
.........................
...............#......(..
........(≈≈....#.........
..≈.......≈≈..........#.#
........(........#....#..
........†........#.......
...##...@[..#.........###
.. #....[K..#.........+ .
........#.............###
................ ...
................
.......≈..#.....
......≈...#....# .....≈≈
.#.....


You could see Pikel.

Vanquished Creatures
  Sigmund (D:4)
  A hippogriff (D:8)
  Edmund (D:5)
  2 water moccasins
  Duvessa (D:5)
  An ice beast (D:7)
  A sky beast (D:8)
  4 slaves (D:8)
  An ogre (D:5)
  A centaur (D:8)
  Dowan (D:5)
  4 killer bees (D:8)
  A howler monkey (D:6)
  A giant frog zombie (D:8)
  A crimson imp (D:7)
  2 orc wizards
  2 orc priests
  A centaur skeleton (D:5)
  An iguana (D:5)
  A jelly (D:8)
  2 worker ants
  Ijyb (D:3)
  A hound skeleton (D:4)
  8 gnolls (D:3)
  3 adders
  2 worms
  A dart slug (D:3)
  4 giant geckos
  11 orcs
  3 giant cockroaches
  5 goblins
  5 hobgoblins
  6 jackals
  2 kobolds
  3 quokkas
  4 ball pythons
  2 bats (D:1)
  A giant gecko skeleton (D:4)
  3 giant newts
  4 rats
100 creatures vanquished.

Notes
Turn   | Place    | Note
--------------------------------------------------------------
     0 | D:1      | 4thArraOfDagon the Hill Orc Berserker began the quest for the Orb.
     0 | D:1      | Reached XP level 1. HP: 19/19 MP: 1/1
    71 | D:1      | Reached XP level 2. HP: 15/27 MP: 2/2
   194 | D:2      | HP: 1/27 [goblin/stone (4)]
   216 | D:2      | HP: 2/40 [giant newt (2)]
   280 | D:2      | Reached skill level 5 in Axes
   280 | D:2      | Reached XP level 3. HP: 12/33 MP: 3/3
   280 | D:2      | Reached ** piety under Trog
   345 | D:2      | Noticed Ijyb
   378 | D:3      | Killed Ijyb
   378 | D:3      | Reached XP level 4. HP: 34/40 MP: 4/4
   533 | D:3      | Reached skill level 6 in Axes
   534 | D:3      | Reached XP level 5. HP: 33/47 MP: 5/5
   845 | D:4      | Noticed Edmund
   863 | D:4      | Reached XP level 6. HP: 53/53 MP: 6/6
   919 | D:5      | Entered Level 5 of the Dungeon
   929 | D:5      | Killed Edmund
   929 | D:5      | Reached skill level 5 in Fighting
   929 | D:5      | Reached skill level 7 in Axes
   996 | D:5      | Found a glowing golden altar of the Shining One.
  1033 | D:5      | Noticed Dowan
  1034 | D:5      | Noticed Duvessa
  1045 | D:5      | Killed Duvessa
  1045 | D:5      | Reached skill level 8 in Axes
  1045 | D:5      | Reached XP level 7. HP: 61/61 MP: 7/7
  1048 | D:5      | Killed Dowan
  1048 | D:5      | Reached *** piety under Trog
  1100 | D:5      | Noticed Prince Ribbit
  1107 | D:4      | Noticed Sigmund
  1118 | D:4      | Killed Sigmund
  1118 | D:4      | Reached skill level 9 in Axes
  1118 | D:4      | Reached skill level 5 in Armour
  1218 | D:5      | Reached XP level 8. HP: 56/70 MP: 8/8
  1391 | D:6      | Noticed Grinder
  1559 | D:7      | Noticed a wyvern
  1679 | D:7      | Reached skill level 10 in Axes
  1680 | D:7      | Found a staircase to the Ecumenical Temple.
  1889 | D:8      | Received a gift from Trog
  1943 | D:8      | Reached skill level 11 in Axes
  1945 | D:8      | Reached XP level 9. HP: 65/79 MP: 9/9
  1952 | D:8      | Noticed Pikel
  2083 | D:8      | Slain by Pikel

Vault maps used:
D:1:      lightli_arrival_windingriver
D:2:      uniq_iyjb
D:3:      columned_hall_lemuel
D:4:      first_bread, uniq_sigmund, uniq_edmund
D:5:      nicolae_tso_carved_into_rock, uniq_blork_the_orc, uniq_duvessa,
          uniq_prince_ribbit1
D:6:      uniq_grinder
D:7:      minmay_temple_entry_overgrown, feat_on_display
D:8:      kennysheep_blocky_room, dpeg_oklobed_lair, hangedman_pestilent_swarm,
          roderic_malta_cross, minmay_tree_intersection, fedhas_altar_4,
          uniq_pikel

Skill      XL: |  1  2  3  4  5  6  7  8 |
---------------+-------------------------+-----
Axes           | 5 6 8 9 11 | 11.3
Fighting       | 4 5 6 7 |  7.7
Armour         | 3 4 5 6 |  6.5
Dodging        | |  1.5

Action                   |  1- 3 |  4- 6 |  7- 9 || total
-------------------------+-------+-------+-------++-------
Melee: Hand axe          |    96 |    76 |    18 ||   190
       War axe           |       |       |   119 ||   119
       Broad axe         |       |       |    64 ||    64
Invok: Berserk           |     4 |     5 |     7 ||    16
       Trog's Hand       |     1 |     1 |     9 ||    11
Evoke: Wand              |       |       |     2 ||     2
  Use: Scroll            |     2 |     1 |     2 ||     5
       Potion            |     1 |       |     1 ||     2
  Eat: Chunk             |     3 |     6 |    12 ||    21
